 Dungeon Crawl Stone Soup version 0.19.1 (webtiles) character file.

67 smedtjen the Skirmisher (level 4, 0/41 HPs)
             Began as a Hill Orc Abyssal Knight on Dec 8, 2016.
             Was a Follower of Lugonu.
             Succumbed to Crazy Yiuf's poison
             ... on level 2 of the Dungeon.
             The game lasted 00:03:58 (1620 turns).

smedtjen the Skirmisher (Hill Orc Abyssal Knight)   Turns: 1620, Time: 00:03:59

Health: 0/41       AC:  8    Str: 14    XL:     4   Next: 16%
Magic:  6/6        EV:  6    Int: 12    God:    Lugonu [*.....]
Gold:   129        SH:  0    Dex: 11    Spells: 0 memorised, 3 levels left

rFire  x . .     SeeInvis .     a - +1 hand axe
rCold  + . .     Gourm    .     e - +0 chain mail
rNeg   . . .     Faith    .     (no shield)
rPois  .         Spirit   .     (no helmet)
rElec  .         Reflect  .     (no cloak)
rCorr  .         Harm     .     (no gloves)
MR     .....                    (no boots)
Stlth  ..........               (no amulet)
                                (no ring)
                                j - ring of ice

@: lethally poisoned (0 -> -7), very slightly contaminated, invisible
A: no striking features
a: Depart the Abyss, Renounce Religion


You were on level 2 of the Dungeon.
You worshipped Lugonu.
Lugonu was aware of your devotion.
You were not hungry.

You visited 1 branch of the dungeon, and saw 2 of its levels.
You visited the Abyss 1 time.

You collected 129 gold pieces.

Inventory:

Hand Weapons
 a - a +1 hand axe (weapon)
Missiles
 m - 14 poisoned needles
Armour
 b - a +0 leather armour
 e - a +0 chain mail (worn)
Jewellery
 j - a ring of ice (left hand)
Scrolls
 d - 5 scrolls of remove curse {unknown}
 f - a scroll of amnesia {unknown}
 g - a scroll of blinking
 h - a scroll of identify {unknown}
 i - a scroll of enchant armour {unknown}
Potions
 k - a potion of berserk rage {unknown}
 n - a potion of cure mutation {unknown}
 o - a potion of agility {unknown}
 p - a potion of ambrosia {unknown}
Comestibles
 c - 2 bread rations
 l - a meat ration


   Skills:
 + Level 4.5 Fighting
 + Level 4.0 Axes
 + Level 2.5 Armour
 * Level 1.1 Dodging
 + Level 2.8 Invocations


You had 3 spell levels left.
You didn't know any spells.

Dungeon Overview and Level Annotations

Branches:
Dungeon (2/15)

Altars:

Annotations:
D:2 Crazy Yiuf


Message History

Crazy Yiuf closely misses you.
You closely miss Crazy Yiuf.
Crazy Yiuf is severely wounded.
Crazy Yiuf hits you with a quarterstaff of chaos!
* * * LOW HITPOINT WARNING * * *
You are lethally poisoned!
You closely miss Crazy Yiuf.
Crazy Yiuf is severely wounded.
* * * LOW HITPOINT WARNING * * *
You feel sick. Crazy Yiuf barely misses you.
You hit Crazy Yiuf but do no damage.
Crazy Yiuf is severely wounded.
* * * LOW HITPOINT WARNING * * *
You feel sick.
Crazy Yiuf says, "Lugonu!
Buddy sing-song Xom."
Crazy Yiuf closely misses you.
You strike the helpless Crazy Yiuf from behind!
You hit Crazy Yiuf.
Crazy Yiuf is almost dead.
You die...

#. #. #. #.
#####
######.
##### #..)#
#......
....# #...#
#.####.
....########
#.g.#
######....)#
......>.(..#
#@#
#........)).
...)########
♣♣.♣
#####.####.#
((...(.....#
♣.♣♣
#...#.......
.###########
♣♣.♣
#...#.......
.# ♣.♣♣
#...#.......
.# ♣♣.♣♣
#...#.......
.# ♣...♣♣
#.....######
.# ♣.♣..♣
#.....## ##
#....#
##.....#


You could see Crazy Yiuf.

Vanquished Creatures
  A gnoll (D:1)
  An adder (D:1)
  An ooze (D:1)
  2 worms (D:2)
  2 leopard geckos (D:1)
  3 bats
  4 giant cockroaches
  3 goblins (D:2)
  6 hobgoblins
  2 jackals (D:1)
  2 frilled lizards (D:2)
  5 kobolds
  3 rats (D:1)
35 creatures vanquished.

Notes
Turn   | Place    | Note
-------+----------+-------------------------------------------
     0 | Abyss:1  | smedtjen the Hill Orc Abyssal Knight began the quest for the Orb.
     0 | Abyss:1  | Reached XP level 1. HP: 19/19 MP: 2/2
     0 | D:1      | Escaped the Abyss
   125 | D:1      | Reached skill level 1 in Dodging
   125 | D:1      | Reached XP level 2. HP: 19/27 MP: 3/3
   369 | D:1      | Reached * piety under Lugonu
   369 | D:1      | Reached XP level 3. HP: 33/33 MP: 5/5
  1172 | D:2      | Reached XP level 4. HP: 35/41 MP: 6/6
  1252 | D:2      | Found a runed door.
  1607 | D:2      | Noticed Crazy Yiuf
  1618 | D:2      | HP: 2/41 [poisoned by Crazy Yiuf]
  1620 | D:2      | Succumbed to Crazy Yiuf's poison

Skill      XL: |  1  2  3  4 |
---------------+-------------+-----
Fighting       | 4 |  4.5
Axes           | 3 4 |  4.0
Dodging        | 1 |  1.1
Armour         | |  2.5
Invocations    | |  2.8

Action                   |  1- 3 |  4- 6 || total
-------------------------+-------+-------++-------
Melee: Hand axe          |    89 |    49 ||   138
Invok: Depart the Abyss  |     1 |       ||     1
  Use: Scroll            |     1 |       ||     1
 Stab: Invisible         |       |     1 ||     1
  Eat: Chunk             |     1 |     1 ||     2
Armor: Leather armour    |     2 |       ||     2
       Chain mail        |    38 |    22 ||    60
Dodge: Dodged            |    39 |    14 ||    53
